 Dungeon Crawl Stone Soup version 0.31-a0-187-gba352fbbf7 (webtiles) character file.

Game seed: 14298176322747850994

44 qw the Shooter (level 3, -3/20 HPs)
             Began as a Deep Elf Hunter on June 22, 2023.
             Slain by Sigmund
             ... wielding a +2 scythe of freezing
              (7 damage)
             ... on level 2 of the Dungeon.
             The game lasted 00:00:17 (753 turns).

qw the Shooter (Deep Elf Hunter)                     Turns: 753, Time: 00:00:17

Health: -3/20      AC:  5    Str: 10    XL:     3   Next: 39%
Magic:  5/5        EV: 11    Int: 13    God:
Gold:   54         SH:  0    Dex: 18    Spells: 2/2 levels left

rFire   . . .        Y - +0 shortbow
rCold   . . .        (shield currently unavailable)
rNeg    . . .        d - +0 ring mail
rPois   .            (no helmet)
rElec   .            (no cloak)
rCorr   .            (no gloves)
SInv    .            (no boots)
Will    .....        (no amulet) Stlth
                     (no ring)
HPRegen 0.23/turn    (no ring)
MPRegen 0.09/turn

%: no passive effects
@: confused
A: no striking features
a: no special abilities


You were on level 2 of the Dungeon.
You visited 1 branch of the dungeon, and saw 2 of its levels.

You collected 54 gold pieces.


   Skills:
 - Level 1.5 Fighting
 + Level 7.0 Ranged Weapons
 - Level 2.4 Dodging
 - Level 1.2 Stealth


You had 2 spell levels left.
You didn't know any spells.
Your spell library was empty.

Inventory:

Hand Weapons
 Y - a +0 shortbow (weapon)
Armour
 d - a +0 ring mail (worn)
Scrolls
 a - a scroll of teleportation {unknown}
 b - a scroll of poison {unknown}

Dungeon Overview and Level Annotations

Branches:
Dungeon (2/15)

Altars:
Qazlal

Shops:
D:1 [[:=

Annotations:
D:2 Sigmund


Message History

You shoot an arrow. The arrow hits the adder.
The adder is almost dead.
You shoot an arrow.
The arrow hits the adder but does no damage.
The adder is almost dead.
The adder closely misses you. The adder barely misses you.
You shoot an arrow. The arrow misses the adder.
The adder bites you but does no damage.
You shoot an arrow. The arrow misses the adder.
The adder bites you but does no damage. x2
You shoot an arrow. The arrow hits the adder!
You kill the adder!
Your Ranged Weapons skill increases to level 7!
Sigmund the Dreaded comes into view.
He is wielding a +2 scythe of freezing.
Enter note:
Enter note: You shoot an arrow.
The arrow hits Sigmund but does no damage.
Sigmund shouts!
Sigmund mumbles some strange words.
Sigmund flickers and vanishes!
Deactivating autopickup; reactivate with Ctrl-A.
You shoot an arrow. You shoot an arrow. You shoot an arrow.
You hear some strange, mumbled words.
You are confused.
You shoot an arrow.
You hear some strange, mumbled words.
Something tries to affect you, but you resist.
Something hits you. Something freezes you.
You shoot an arrow. You shoot an arrow.
You hear some strange, mumbled words.
Something tries to affect you, but you resist.
Something hits you! Something freezes you.
You shoot an arrow. You shoot an arrow. Something hits you!
You die...

#..#### #.....#
#.....# # ####..#
.# ### #..# ..
... #..# .. ##
#####..# .#
#......####{.#.##
#.###.#..@.......
#.#.##.....##
#.#.# .....#
#.#.# .._..#
#.#.# .....#
#.#># .......
..#.# ####### ..#


There were no monsters in sight!

Vanquished Creatures
  2 adders
  4 bats (D:1)
  An endoplasm (D:1)
  A giant cockroach (D:2)
  3 goblins
  A hobgoblin (D:1)
  A kobold (D:2)
  A quokka (D:1)
  7 ball pythons
  2 frilled lizards (D:1)
  4 rats
27 creatures vanquished.

Notes
Turn   | Place    | Note
-------+----------+-------------------------------------------
     0 | D:1      | qw the Deep Elf Hunter began the quest for the Orb.
     0 | D:1      | Reached XP level 1. HP: 12/12 MP: 3/3
     0 | D:1      | 0 ||| qw: Version: 0.3-a-9-g12657ce
     0 | D:1      | 0 ||| qw: Game counter: 2043
     0 | D:1      | 0 ||| qw: Always use a shield: true
     0 | D:1      | 0 ||| qw: God list: Okawaru
     0 | D:1      | 0 ||| qw: Allow faded altars: false
     0 | D:1      | 0 ||| qw: Do Orc after D:15 true
     0 | D:1      | 0 ||| qw: Do second Lair branch before Depths: true
     0 | D:1      | 0 ||| qw: Lair rune preference: random
     0 | D:1      | 0 ||| qw: Plans: Normal
     0 | D:1      | 0 ||| PLANNING D:1-11
    77 | D:1      | Found Haoguxom's Armour Shoppe.
    83 | D:1      | 83 ||| SHOPLISTING +0 pair of gloves (45 gold, have 10).
    83 | D:1      | 83 ||| SHOPLISTING +2 cloak of the Thief {*Fog Slay-2 SInv
                  | Stlth+} (201 gold, have 10).
   166 | D:1      | Reached XP level 2. HP: 16/16 MP: 4/4
   169 | D:1      | Reached skill level 6 in Ranged Weapons
   169 | D:1      | Found Gesmaj's Book Emporium.
   255 | D:1      | Found Geucuic's Armour Emporium.
   258 | D:1      | 258 ||| SHOPLISTING +3 troll leather armour of Pan-Flutes
                  | {Drain +Blink rElec Regen+ Dex+5} (782 gold, have 21).
   340 | D:1      | Found Rinlit's Jewellery Emporium.
   347 | D:1      | 347 ||| SHOPLISTING amulet of faith (480 gold, have 21).
   347 | D:1      | 347 ||| SHOPLISTING amulet of the acrobat (360 gold, have
                  | 21).
   347 | D:1      | 347 ||| SHOPLISTING ring of positive energy (240 gold, have
                  | 21).
   347 | D:1      | 347 ||| SHOPLISTING ring of see invisible (180 gold, have
                  | 21).
   490 | D:1      | 490 ||| UPGRADING to +0 ring mail.
   500 | D:1      | 500 ||| DROPPING +0 leather armour.
   501 | D:1      | 501 ||| READING scroll labelled VOANGI AHOL.
   602 | D:1      | 602 ||| DROPPING scroll of butterflies.
   614 | D:2      | 614 ||| STAIRDANCE
   620 | D:1      | Reached XP level 3. HP: 20/20 MP: 5/5
   735 | D:2      | Found a stormy altar of Qazlal.
   744 | D:2      | Reached skill level 7 in Ranged Weapons
   744 | D:2      | Noticed Sigmund
   751 | D:2      | HP: 3/20 [something (3)]
   753 | D:2      | Slain by Sigmund

Levels and vault maps discovered:
D:1:      nzn_arrival_depleted_hourglass, layout_rooms, serial_shops,
          nicolae_shop_window_shopping, shop, nicolae_shop_waterfront, shop,
          corexii_leaking_fountain
D:2:      layout_loops_ring, basic_altar, uniq_sigmund, uniq_jessica,
          uniq_terence

Skill      XL: |  1  2  3 |
---------------+----------+-----
Ranged Weapons | 6 7 |  7.0
Fighting       | |  1.5
Dodging        | |  2.4
Stealth        | |  1.2

Action                     || total
---------------------------++-------
   Fire: Shortbow          ||    61
    Use: Scroll            ||     1
 Armour: Ring mail         ||    10
  Dodge: Dodged            ||     6

Table legend:
 A = Non-vault XP
 B = Vault XP
 C = Vault XP percentage of total XP
 D = Non-vault monster count
 E = Vault monster count
 F = Vault count percentage of total count
                 A         B        C        D         E       F
            +---------+---------+-------+---------+---------+-------
      Total |      63 |       0 |   0.0 |      27 |       0 |   0.0
            +---------+---------+-------+---------+---------+-------
        D:1 |      40 |       0 |   0.0 |      20 |       0 |   0.0
        D:2 |      23 |       0 |   0.0 |       7 |       0 |   0.0
            +---------+---------+-------+---------+---------+-------
